 Dungeon Crawl Stone Soup version 0.19.5 (webtiles) character file.

2387 Azzok the Markscentaur (level 9, 0/67 HPs)
             Began as a Centaur Hunter on May 29, 2017.
             Was a Believer of Trog.
             Slain by a troll (9 damage)
             ... on level 9 of the Dungeon.
             The game lasted 00:17:17 (7044 turns).

Azzok the Markscentaur (Centaur Hunter)             Turns: 7044, Time: 00:17:18

Health: 0/67       AC: 16    Str: 17    XL:     9   Next: 22%
Magic:  9/9        EV:  6    Int: 17    God:    Trog [**....]
Gold:   363        SH:  0    Dex: 11    Spells: 0 memorised, 8 levels left

rFire  x . .     SeeInvis .     b - +2 spear (chaos)
rCold  + . .     Gourm    .     C - +4 ring mail of Temperance {Regen+ rCorr Int+7}
rNeg   . . .     Faith    .     (no shield)
rPois  +         Spirit   .     (no helmet)
rElec  .         Reflect  .     (no cloak)
rCorr  +         Harm     .     g - +2 pair of gloves
MR     .....                    H - +0 centaur barding
Stlth  ..........               (no amulet)
                                J - ring of poison resistance
                                M - ring of ice

@: exhausted, slowed
A: hooves 3, deformed body, speed 2, tough skin 3
a: Berserk, Trog's Hand, Burn Spellbooks, Renounce Religion


You were on level 9 of the Dungeon.
You worshipped Trog.
Trog was pleased with you.
You were very hungry.

You visited 1 branch of the dungeon, and saw 8 of its levels.

You collected 363 gold pieces.

Inventory:

Hand Weapons
 a - a +1 shortbow
 b - a +2 spear of chaos (weapon)
Missiles
 d - 34 arrows
Armour
 g - a +2 pair of gloves (worn)
 C - the +4 ring mail of Temperance (worn) {Regen+ rCorr Int+7}
   (You found it on level 4 of the Dungeon)

   It affects your intelligence (+7).
   It increases your rate of regeneration.
   It protects you from acid and corrosion.
 H - a +0 centaur barding (worn)
Jewellery
 w - an uncursed ring of protection from magic
 J - a ring of poison resistance (right hand)
 K - an uncursed ring of protection from cold {unknown}
 M - a ring of ice (left hand)
Wands
 v - a wand of hasting (2/9)
Scrolls
 h - a scroll of remove curse
 n - 2 scrolls of teleportation
 o - 2 scrolls of enchant armour {unknown}
 p - a scroll of blinking {unknown}
 r - a scroll of magic mapping
 t - 5 scrolls of identify
 z - a scroll of enchant weapon {unknown}
 O - a scroll of random uselessness {unknown}
Potions
 c - 2 potions of cancellation {unknown}
 e - 3 potions of ambrosia {unknown}
 j - 2 potions of curing {unknown}
 k - 4 potions of might {unknown}
 l - a potion of invisibility {unknown}
 m - 2 potions of lignification {unknown}
 s - a potion of flight {unknown}
 u - 3 potions of mutation {unknown}
 x - 2 potions of degeneration {unknown}
 A - a potion of agility {unknown}
 F - a potion of haste {unknown}
 G - a potion of magic {unknown}
 I - a potion of cure mutation {unknown}
 L - a potion of beneficial mutation {unknown}
Books
 y - a book of Minor Magic

   Spells                             Type                      Level
   a - Magic Dart                     Conjuration                  1
   b - Blink                          Translocation                2
   c - Call Imp                       Summoning                    2
   d - Repel Missiles                 Charms/Air                   2
   e - Slow                           Hexes                        2
   f - Conjure Flame                  Conjuration/Fire             3
   g - Mephitic Cloud                 Conjuration/Poison/Air       3
   Trog disapproves of the use of such an item.
 E - a book of Maledictions

   Spells                             Type                      Level
   a - Corona                         Hexes                        1
   b - Ensorcelled Hibernation        Hexes/Ice                    2
   c - Confuse                        Hexes                        3
   d - Tukima's Dance                 Hexes                        3
   e - Dazzling Spray                 Conjuration/Hexes            3
   Trog disapproves of the use of such an item.
 N - a book of Maledictions

   Spells                             Type                      Level
   a - Corona                         Hexes                        1
   b - Ensorcelled Hibernation        Hexes/Ice                    2
   c - Confuse                        Hexes                        3
   d - Tukima's Dance                 Hexes                        3
   e - Dazzling Spray                 Conjuration/Hexes            3
   Trog disapproves of the use of such an item.
Comestibles
 f - 3 bread rations {@e1}
 i - 2 slices of pizza
 q - 3 meat rations {@e2}
 B - 4 chunks of flesh {@w0}
 D - 5 fruits


   Skills:
 - Level 2.0 Fighting
 * Level 15.8 Bows
 - Level 1.3 Dodging
 - Level 0.4 Stealth


You had 8 spell levels left.
You didn't know any spells.

Dungeon Overview and Level Annotations

Branches:
Dungeon (7/15)             Temple (0/1) D:5

Altars:
Cheibriados
Dithmenos
Fedhas
Gozag
Trog
Uskayaw
Xom
Yredelemnul
Zin


Innate Abilities, Weirdness & Mutations

You have hooves in place of feet.
Armour fits poorly on your strangely shaped body.
You cover ground very quickly.
You have extremely tough skin. (AC +3)


Message History

The troll completely misses you. The hound barely misses you.
The troll bites you. The troll closely misses you. The troll claws you.
You take 11 damage, and have 45/67 hp.
You barely miss the hound. Your kick misses the hound.
The hound is moderately wounded.
The hound bites you but does no damage. The troll bites you!
The troll barely misses you. The troll claws you but does no damage.
The hound completely misses you.
You take 11 damage, and have 34/67 hp.
You hit the hound.
The hound is poisoned.
Your kick misses the hound.
The hound is severely wounded.
The hound barely misses you. The troll bites you!
* * * LOW HITPOINT WARNING * * *
The troll claws you.
* * * LOW HITPOINT WARNING * * *
The troll claws you but does no damage. The hound bites you but does no damage.
The troll bites you.
* * * LOW HITPOINT WARNING * * *
The troll closely misses you. The troll claws you!
You die...

░▒·▒▒·▒▒5▒ ░···▒░◦◦░◦◦◦◦◦◦◦◦◦◦◦◦░
▒·······▒ ░····◦◦··◦◦◦◦░◦◦◦◦◦░░░
▒▒▒▒·▒▒·▒ ░···◦◦◦··◦◦◦◦◦◦◦◦◦◦░░░
▒T▒▒·▒ ░▒·▒░░░·▒◦◦◦░░◦◦◦◦◦░░◦
▒·▒▒5▒ ▒·▒ ░··◦◦◦◦◦◦◦◦◦◦◦◦◦ ░
▒··▒·▒ ▒·▒ ░·▒◦◦◦░▒░◦◦◦◦░░◦ ░
▒▒·▒·▒ ▒·▒ ░·▒◦◦···◦◦◦◦◦◦░◦ ░
▒T▒·▒▒▒▒·▒▒▒▒5▒··▒░░░◦░░░◦░◦ ░
▒·······ZTT@h····▒ ░◦░◦◦◦░◦ ░
▒▒··▒·▒▒·▒▒▒▒·▒··▒ ░◦░◦◦◦░◦ ░
▒·······▒ ░·▒◦◦▒ ░◦░◦◦◦░◦ ░
▒▒·▒·▒··▒░░░·▒◦◦░░░░◦░◦◦◦░◦
▒·········◦··◦◦◦◦◦◦◦░◦◦◦░◦
▒············◦░░░◦░░░░░░░◦
░░░░░░░▒···5·········░ ░◦░◦◦◦◦◦◦◦
◦◦◦◦◦◦░▒·············░ ░◦░◦░◦░░░░
◦◦◦◦◦◦◦·········▒▒··◦░░░◦░◦░◦░░░░


You could see 2 trolls, a hound, a crimson imp and a quokka zombie.

Vanquished Creatures
  An ugly thing (D:6)
  Grinder (D:3)
  Edmund (D:5)
  3 phantoms
  A necrophage (D:7)
  3 ogres
  A centaur (D:6)
  3 bullfrogs
  Blork the orc (D:5)
  2 scorpions
  4 crimson imps
  A hound (D:6)
  2 iguanas
  Natasha (thrice) (D:3 D:4)
  Ijyb (D:3)
  2 worker ants
  A hound skeleton (D:4)
  7 gnolls (D:3)
  6 adders
  An ooze (D:3)
  An adder zombie (D:7)
  2 adder skeletons
  3 dart slugs
  2 leopard geckos (D:4)
  3 orcs
  3 ball pythons
  12 bats
  7 giant cockroaches
  8 goblins
  9 hobgoblins
  4 jackals
  7 kobolds
  3 quokkas
  6 frilled lizards
  A jackal zombie (D:5)
  13 rats
129 creatures vanquished.

Notes
Turn   | Place    | Note
-------+----------+-------------------------------------------
     0 | D:1      | Azzok the Centaur Hunter began the quest for the Orb.
     0 | D:1      | Reached XP level 1. HP: 17/17 MP: 1/1
   149 | D:1      | Reached XP level 2. HP: 24/24 MP: 2/2
   252 | D:1      | Reached skill level 6 in Bows
   575 | D:1      | Reached XP level 3. HP: 28/29 MP: 3/3
  1130 | D:2      | Found a bloodstained altar of Trog.
  1131 | D:2      | Found a shimmering altar of Xom.
  1133 | D:2      | Found a glowing silver altar of Zin.
  1133 | D:2      | Found a snail-covered altar of Cheibriados.
  1135 | D:2      | Found a hide-covered altar of Uskayaw.
  1135 | D:2      | Found an opulent altar of Gozag.
  1136 | D:2      | Found a blossoming altar of Fedhas.
  1190 | D:2      | Reached skill level 7 in Bows
  1228 | D:2      | Became a worshipper of Trog the Wrathful
  1769 | D:2      | Found a faded altar of an unknown god.
  1818 | D:2      | Reached XP level 4. HP: 36/36 MP: 4/4
  2230 | D:3      | Noticed Ijyb
  2453 | D:3      | Noticed Grinder
  2617 | D:3      | Noticed Natasha
  2663 | D:3      | Killed Ijyb
  2663 | D:3      | Reached skill level 8 in Bows
  2673 | D:3      | Killed Natasha
  2673 | D:3      | Reached XP level 5. HP: 33/41 MP: 5/5
  2843 | D:3      | Reached * piety under Trog
  2914 | D:3      | Found a shimmering altar of Xom.
  3119 | D:3      | Reached skill level 9 in Bows
  3593 | D:3      | Killed Grinder
  3593 | D:3      | Reached skill level 10 in Bows
  3593 | D:3      | Reached XP level 6. HP: 48/48 MP: 6/6
  4380 | D:4      | Reached skill level 11 in Bows
  4380 | D:4      | Reached XP level 7. HP: 50/55 MP: 7/7
  4488 | D:4      | Noticed Natasha
  4497 | D:4      | Killed Natasha
  4561 | D:4      | Got a bloodstained ring mail
  4590 | D:4      | Identified the +4 ring mail of Temperance {Regen+ rCorr Int+7} (You found it on level 4 of the Dungeon)
  4640 | D:4      | Noticed Natasha
  4670 | D:4      | Killed Natasha
  4744 | D:4      | Reached skill level 12 in Bows
  4993 | D:5      | Entered Level 5 of the Dungeon
  5148 | D:5      | Noticed Edmund
  5179 | D:5      | Killed Edmund
  5179 | D:5      | Reached skill level 13 in Bows
  5179 | D:5      | Reached XP level 8. HP: 61/61 MP: 8/8
  5289 | D:5      | Reached ** piety under Trog
  5343 | D:5      | Noticed Blork the orc
  5354 | D:5      | Killed Blork the orc
  5404 | D:5      | Found a shadowy altar of Dithmenos.
  5405 | D:5      | Found a basalt altar of Yredelemnul.
  5582 | D:5      | Found a staircase to the Ecumenical Temple.
  5899 | D:6      | Reached skill level 14 in Bows
  6341 | D:6      | Noticed a white ugly thing
  6500 | D:6      | Killed a white ugly thing
  6500 | D:6      | Reached skill level 15 in Bows
  6500 | D:6      | Reached XP level 9. HP: 67/67 MP: 9/9
  6985 | D:7      | You fall through a shaft for 2 floors!
  6985 | D:9      | Noticed a troll
  6996 | D:9      | Noticed a troll
  7044 | D:9      | Slain by a troll

Skill      XL: |  1  2  3  4  5  6  7  8 |
---------------+-------------------------+-----
Bows           | 6 7 8 10 11 13 15 | 15.8
Fighting       | |  2.0
Dodging        | |  1.3
Stealth        | |  0.4

Action                   |  1- 3 |  4- 6 |  7- 9 || total
-------------------------+-------+-------+-------++-------
Melee: Short sword       |   193 |   118 |       ||   311
       Kick              |    31 |    36 |    53 ||   120
       Spear             |       |    90 |   267 ||   357
 Fire: Shortbow          |       |    13 |    30 ||    43
Invok: Berserk           |       |     2 |     3 ||     5
  Use: Scroll            |       |       |     5 ||     5
 Stab: Petrified         |       |     1 |       ||     1
       Petrifying        |       |       |     3 ||     3
       Confused          |       |       |     1 ||     1
  Eat: Chunk             |     2 |     8 |     8 ||    18
       Royal jelly       |       |     1 |       ||     1
Armor: Leather armour    |    12 |       |       ||    12
       Scale mail        |   148 |    77 |       ||   225
       Chain mail        |       |    50 |    20 ||    70
       Ring mail         |       |       |   135 ||   135
Dodge: Dodged            |    82 |    62 |    70 ||   214
